 Dungeon Crawl Stone Soup version 0.23-a0-78-gc252fe1 (webtiles) character file.

46 galech the Skirmisher (level 3, 0/29 HPs)
             Began as a Demonspawn Fighter on Aug 10, 2018.
             Killed from afar by an orc wizard (3 damage)
             ... with a magic dart
             ... on level 2 of the Dungeon.
             The game lasted 00:01:48 (1358 turns).

galech the Skirmisher (Demonspawn Fighter)          Turns: 1358, Time: 00:01:49

Health: 0/29       AC:  6    Str: 16    XL:     3   Next: 44%
Magic:  3/3        EV: 14    Int:  9    God:
Gold:   50         SH:  9    Dex: 18    Spells: 2/2 levels left

rFire    . . .     SeeInvis .   e - +2 mace (protect)
rCold    . . .     Gourm    .   c - +0 shield
rNeg     . . .     Faith    .   b - +0 scale mail
rPois    .         Spirit   .   (no helmet)
rElec    .         Reflect  .   (no cloak)
rCorr    .         Harm     .   (no gloves)
MR       .....                  (no boots)
Stlth    +.........             (no amulet)
HPRegen  0.09/turn              (no ring)
MPRegen  0.08/turn              (no ring)

@: agile, very slightly contaminated, slowed, invisible, very slow
A: repulsion field 1
a: no special abilities


You were on level 2 of the Dungeon.
You were not hungry.

You visited 1 branch of the dungeon, and saw 2 of its levels.

You collected 50 gold pieces.

Inventory:

Hand Weapons
 a - a +0 war axe
 e - a +2 mace of protection (weapon)
Armour
 b - a +0 scale mail (worn)
 c - a +0 shield (worn)
Scrolls
 h - a scroll of immolation {unknown}
 i - 2 scrolls of identify {unknown}
 m - a scroll of blinking {unknown}
Potions
 d - a potion of might
Comestibles
 f - a ration


   Skills:
 + Level 3.3 Fighting
 + Level 2.2(2.3) Axes
 + Level 0.7(1.6) Maces & Flails
 + Level 3.0 Armour
 + Level 0.1 Dodging
 + Level 0.1 Stealth
 + Level 3.1 Shields


You had 2 spell levels left.
You didn't know any spells.
Your spell library was empty.

Dungeon Overview and Level Annotations

Branches:
Dungeon (2/15)

Altars:
Cheibriados


Innate Abilities, Weirdness & Mutations

You are surrounded by a mild repulsion field. (EV +2)


Message History

The orc wizard gestures at something while chanting.
You feel as though you will be slow longer.
The bat completely misses you. You block the bat's attack.
Found a leather armour.
The bat barely misses you. The bat closely misses you.
The bat closely misses you. You block the bat's attack.
Things that are here:
a ring mail; an orc corpse The bat hits you but does no damage.
The bat closely misses you.
Things that are here:
a dagger; an orc corpse The bat closely misses you.
You block the bat's attack. You block the bat's attack.
The orc wizard gestures at you while chanting.
The magic dart hits you!
You die...

#...........# ###...........#
..............#
...[.......[..#
..####.####..# ##.....##ob# .
#.......#)###########+#.
#.......#.##...........#
......_....@##...........#+#
..#.......#.##..............
...#.......#.##..............
.. ##..[..##.##..............
####.####.##..............
..........##...........#+#
....####.###.............#
### #............)....#
#####...........<.#


You could see an orc wizard and a bat.

Vanquished Creatures
  An ooze (D:1)
  2 leopard geckos (D:1)
  2 orcs (D:2)
  4 giant cockroaches
  3 goblins (D:1)
  A hobgoblin (D:2)
  4 jackals (D:1)
  A bat (D:1)
  A frilled lizard (D:1)
  4 kobolds (D:1)
  15 rats (D:1)
38 creatures vanquished.

Notes
Turn   | Place    | Note
-------+----------+-------------------------------------------
     0 | D:1      | galech the Demonspawn Fighter began the quest for the Orb.
     0 | D:1      | Reached XP level 1. HP: 18/18 MP: 1/1
    37 | D:1      | Gained mutation: You are surrounded by a mild repulsion field. (EV +2) [demonic ancestry]
    37 | D:1      | Reached XP level 2. HP: 19/24 MP: 2/2
   679 | D:1      | Reached XP level 3. HP: 27/29 MP: 3/3
  1311 | D:2      | Found a snail-covered altar of Cheibriados.
  1337 | D:2      | HP: 1/29 [orc/dagger (1)]
  1358 | D:2      | Killed from afar by an orc wizard

Vault maps used:
D:1:      erik_arrival_orb_chamber, amethyst_killhole, columned_hall_lemuel
D:2:      amethyst_overflow_temple_binary, nicolae_overflow_hidden_temple,
          old_standard_altar

Skill      XL: |  1  2 |
---------------+-------+-----
Axes           | 2 |  2.2
Armour         | 3 |  3.0
Shields        | 3 |  3.1
Fighting       | |  3.3
Maces & Flails | |  0.7
Dodging        | |  0.1
Stealth        | |  0.1

Action                   || total
-------------------------++-------
Melee: War axe           ||    26
       Mace              ||   104
  Use: Potion            ||     3
  Eat: Chunk             ||     2
Armor: Scale mail        ||   110
Dodge: Dodged            ||    81
Block: Shield            ||    90

Table legend:
 A = Non-vault XP
 B = Vault XP
 C = Vault XP percentage of total XP
 D = Non-vault monster count
 E = Vault monster count
 F = Vault count percentage of total count
 G = Total turns spent on level
                 A         B        C        D         E       F
            +---------+---------+-------+---------+---------+-------
      Total |      54 |      12 |  18.2 |      26 |      12 |  31.6
            +---------+---------+-------+---------+---------+-------
        D:1 |      44 |      12 |  21.4 |      22 |      12 |  35.3
        D:2 |      10 |       0 |   0.0 |       4 |       0 |   0.0
            +---------+---------+-------+---------+---------+-------
